AoeStats
← Salamander

Arabia

509569516Analyzed
4v4 RM · 5d ago on Sep 27, 2026· 21m 54s· 8 players
Game mode
Random Map
Map size
Large (8 player)
Population
200
Speed
Normal
Resources
Standard
Victory
Conquest
Starting age
Dark Age
Ending age
Imperial Age
RankedLock teamsTeams togetherTeam positionsShared explorationLock speedFull tech treeHidden civsTurbo modeCheats
Victory
Defeat
🇩🇪 Ethiopians · Germany
1209
+14
🇺🇸 Varangians · United States
1166
+16
🇮🇳 Georgians · India
1161
+16
🇺🇸 Franks · United States
1150
+17
🇨🇭 Malay · Switzerland
1211
-17
🇮🇳 Varangians · India
1182
-16
🇨🇳 Cumans · China
1158
-15
🇹🇼 Magyars · Taiwan
1135
-15
sh4dowGokU
7:34 Loom
10:21 Feudal Age
11:02 Double-Bit Axe
13:43 Horse Collar
15:05 Scale Barding Armor
16:58 Forging
24:19 Castle Age
Mo...
6:14 Loom
8:58 Feudal Age
12:14 Fletching
14:47 Double-Bit Axe
ABRAXAS
6:49 Loom
10:04 Feudal Age
10:32 Double-Bit Axe
10:28 Horse Collar
14:44 Bloodlines
17:28 Scale Barding Armor
21:17 Castle Age
19:55 Gold Mining
21:24 Light Cavalry
StanTheMan
9:17 Loom
11:35 Feudal Age
22:20 Castle Age
Salamander
9:39 Feudal Age
10:12 Double-Bit Axe
11:15 Bloodlines
11:19 Loom
14:33 Horse Collar
17:28 Scale Barding Armor
20:09 Wheelbarrow
20:12 Forging
20:42 Wheelbarrow
小子欸别跑
12:31 Feudal Age
14:28 Bloodlines
19:23 Loom
19:45 Loom
CausedGosling53
7:22 Loom
9:59 Feudal Age
10:13 Double-Bit Axe
10:51 Man-at-Arms
23:38 Castle Age
21:44 Fletching
ThisIsGood
5:43 Loom
7:51 Loom
9:55 Feudal Age
11:11 Horse Collar
11:18 Double-Bit Axe
17:10 Scale Barding Armor
19:29 Bloodlines
Connection lost

Rejoining the realm…

Still unreachable

The connection could not be restored.

Session expired

The server has moved on; the page needs a fresh start.